 Dungeon Crawl Stone Soup version 0.29.1-1-gd02db6906a (webtiles) character file.

Game seed: 5510232748517602180

2139280 dvd2 the Cryomancer (level 26, 183/183 HPs)
             Began as a Demigod Ice Elementalist on Sept 20, 2022.
             Escaped with the Orb
             ... and 4 runes on Sept 25, 2022!
             The game lasted 07:18:51 (83694 turns).

dvd2 the Cryomancer (Demigod Ice Elementalist)     Turns: 83694, Time: 07:18:51

Health: 183/183    AC: 31    Str: 13    XL:     26   Next: 70%
Magic:  53/53      EV: 36    Int: 35    God:
Gold:   6468       SH: 36    Dex: 41    Spells: 10/64 levels left

rFire   + + .      SeeInvis +   b - +7 Singing Sword {vorpal, sonic wave}
rCold   + . .      Faith    .   i - +4 tower shield {AC+3}
rNeg    . . .      Spirit   .   h - +4 troll leather armour
rPois   +          Reflect  +   z - +2 helmet {SInv}
rElec   +          Harm     .   y - +4 dragonskin cloak
rCorr   +          Rampage  +   O - +0 pair of gloves of Gorpha {rC+ rCorr}
Will    ++...                   d - +2 pair of boots {rampage}
Stlth   ++........              R - amulet "Qiomogum" {Reflect Str+4 Dex+7 SH+5}
HPRegen 1.20/turn               B - ring "Qitemnir" {rElec rPois EV+4}
MPRegen 0.33/turn               H - ring "Methoh" {+Blink AC+4 Dex+8}

@: studying Staves
A: high MP 1, forlorn, divine attributes, talons 1, iridescent scales 1, dopey
1, fire resistance 2, frail 1, screaming 1, wild magic 1
0: Orb of Zot
}: 4/15 runes: decaying, serpentine, slimy, silver
a: Evoke Blink


You escaped.
You visited 11 branches of the dungeon, and saw 53 of its levels.
You visited 1 bazaar.
You also visited: Trove, Volcano, Wizlab and Desolation.

You collected 9336 gold pieces.
You spent 2868 gold pieces at shops.

Inventory:

Hand Weapons
 a - the +8 short sword "Xeij" {vorpal, Str-4 Int+8 Stlth+}
   (You found it on level 1 of the Lair of Beasts)

   It inflicts extra damage upon your enemies.
   Str:       It affects your strength (-4).
   Int:       It affects your intelligence (+8).
   Stlth:     It makes you more stealthy.
 b - the +7 Singing Sword (weapon) {vorpal, sonic wave}
   (You found it on level 5 of the Dungeon)

   It inflicts extra damage upon your enemies.
   It radiates damaging sonic waves as it strikes, especially in combat
   involving dangerous or numerous foes.
 K - the +7 falchion of the Doomed Warrior {flame, rF+++ rN+ Will- MP+9}
   (You found it on level 5 of the Lair of Beasts)

   It burns those it strikes, dealing additional fire damage.
   Big, fiery blades are also staple armaments of hydra-hunters.
   rF:        It renders you almost immune to fire.
   rN:        It protects you from negative energy.
   MP:        It affects your magic capacity (+9).
   Will:      It decreases your willpower.
Armour
 d - a +2 pair of boots of rampaging (worn)
 h - a +4 troll leather armour (worn)
 i - a +4 tower shield of protection (worn)
 m - the +1 helmet "Ini Zyed" {rElec MP+9}
   (You found it on level 2 of the Realm of Zot)

   rElec:     It insulates you from electricity.
   MP:        It affects your magic capacity (+9).
 n - the +8 chain mail "Diruv" {Fly rC+ Will+}
   (You took it off an orc on level 5 of the Vaults)

   rC:        It protects you from cold.
   Fly:       It grants you flight.
   Will:      It increases your willpower.
 q - the +3 hat of the Spheres {Fly rF+}
   (You acquired it on level 3 of the Elven Halls)

   rF:        It protects you from fire.
   Fly:       It grants you flight.
 y - the +4 dragonskin cloak (worn)
   (You took it off Tiamat on level 3 of the Realm of Zot)

   It grants the wearer a chance to resist fire, cold, poison, electricity,
   acid, and negative energy.
 z - a +2 helmet of see invisible (worn)
 A - a +5 kite shield of protection
 O - the +0 pair of gloves of Gorpha (worn) {rC+ rCorr}
   (You found it on level 3 of the Elven Halls)

   rC:        It protects you from cold.
   rCorr:     It protects you from acid and corrosion.
Jewellery
 c - the amulet "Licifoug" {Reflect rPois Str+3 Dex+4 SH+5}
   (You found it on level 5 of the Pits of Slime)

   [amulet of reflection]

   It reflects blocked missile attacks.
   Str:       It affects your strength (+3).
   Dex:       It affects your dexterity (+4).
   rPois:     It protects you from poison.
   SH:        It affects your SH (+5).
 B - the ring "Qitemnir" (left hand) {rElec rPois EV+4}
   (You took it off a yaktaur captain on level 5 of the Vaults)

   [ring of evasion]

   EV:        It affects your evasion (+4).
   rElec:     It insulates you from electricity.
   rPois:     It protects you from poison.
 G - the amulet "Piuca" {Acrobat rPois rC+++ Slay+5}
   (You found it in the Desolation of Salt)

   [amulet of the acrobat]

   It increases your evasion while moving and waiting.
   Slay:      It affects your accuracy & damage with ranged weapons and melee
   (+5).
   rC:        It renders you almost immune to cold.
   rPois:     It protects you from poison.
 H - the ring "Methoh" (right hand) {+Blink AC+4 Dex+8}
   (You took it off a deep elf master archer on level 3 of the Elven Halls)

   [ring of protection]

   AC:        It affects your AC (+4).
   Dex:       It affects your dexterity (+8).
   +Blink:    It lets you blink.
 Q - the ring "Tynkoe" {*Slow rElec rF++ rCorr Str+6}
   (You acquired it on level 2 of the Swamp)

   [ring of strength]

   Str:       It affects your strength (+6).
   rF:        It greatly protects you from fire.
   rElec:     It insulates you from electricity.
   rCorr:     It protects you from acid and corrosion.
   *Slow:     It may slow you when you take damage.
 R - the amulet "Qiomogum" (around neck) {Reflect Str+4 Dex+7 SH+5}
   (You found it in the Desolation of Salt)

   [amulet of reflection]

   It reflects blocked missile attacks.
   Str:       It affects your strength (+4).
   Dex:       It affects your dexterity (+7).
   SH:        It affects your SH (+5).
 U - the ring of the Amoeba {MP+9 Int+4 Dex+3 Stlth+}
   (You found it on level 5 of the Pits of Slime)

   [ring of magical power]

   Int:       It affects your intelligence (+4).
   Dex:       It affects your dexterity (+3).
   MP:        It affects your magic capacity (+9).
   Stlth:     It makes you more stealthy.
 X - the ring "Botoraj" {Ice Drain +Blink rElec Int+4}
   (You found it in the Desolation of Salt)

   [ring of ice]

   It enhances your ice magic.
   Int:       It affects your intelligence (+4).
   rF:        It makes you vulnerable to fire.
   rC:        It protects you from cold.
   rElec:     It insulates you from electricity.
   +Blink:    It lets you blink.
   Drain:     It drains your maximum health when unequipped.
 Z - a ring of the Octopus King {rN+ HP+2 AC+2 EV+2 SH+2}
   (You acquired it on level 11 of the Dungeon)

   [ring of positive energy]

   AC:        It affects your AC (+2).
   EV:        It affects your evasion (+2).
   rN:        It protects you from negative energy.
   HP:        It affects your health (+2).
   SH:        It affects your SH (+2).
Wands
 f - a wand of roots (48)
 j - a wand of polymorph (36)
 p - a wand of mindburst (46)
 x - a wand of quicksilver (14)
 E - a wand of digging (14)
 L - a wand of paralysis (63)
 P - a wand of flame (60)
Scrolls
 k - 3 scrolls of butterflies
 o - 6 scrolls of magic mapping
 u - 7 scrolls of summoning
 I - 3 scrolls of blinking
 J - 28 scrolls of teleportation
 S - 8 scrolls of fear
 W - 2 scrolls of enchant weapon
Potions
 e - 2 potions of magic
 g - 32 potions of curing
 l - a potion of ambrosia
 r - 5 potions of resistance
 s - 4 potions of haste
 t - 5 potions of mutation
 C - 6 potions of heal wounds
 D - 4 potions of cancellation
 F - 7 potions of flight
 N - a potion of brilliance
 T - 4 potions of might
 V - 5 potions of invisibility
 Y - 4 potions of berserk rage
Miscellaneous
 w - a phial of floods
 M - a phantom mirror


   Skills:
 + Level 10.5 Fighting
 + Level 4.0(12.2) Short Blades
 + Level 17.6(17.7) Long Blades
 + Level 0.1 Maces & Flails
 + Level 1.4 Ranged Weapons
 + Level 5.8 Armour
 + Level 14.7 Dodging
 + Level 8.5 Stealth
 * Level 16.9 Shields
 + Level 19.5 Spellcasting
 * Level 15.0 Conjurations
 + Level 6.5 Translocations
 + Level 7.0 Transmutations
 + Level 6.0 Fire Magic
 + Level 24.0 Ice Magic
 + Level 10.2 Air Magic
 + Level 5.2 Evocations


You had 10 spell levels left.
You knew the following spells:

 Your Spells              Type           Power      Damage    Failure   Level
a - Blink                 Tloc           100%       N/A       1%          2
b - Frozen Ramparts       Ice            100%       1d16      1%          3
c - Ozocubu's Armour      Ice            100%       N/A       1%          3
d - Hailstorm             Conj/Ice       100%       3d20      1%          4
e - Apportation           Tloc           100%       N/A       1%          1
f - Airstrike             Air            47%        2d(7-23)  1%          4
g - Ozocubu's Refrigerat  Ice            66%        4d22      1%          7
h - Irradiate             Conj/Tmut      49%        3d28      2%          5
i - Lightning Bolt        Conj/Air       51%        1d72      1%          5
j - Iskenderun's Battles  Conj           100%       2d15      1%          5
k - Starburst             Conj/Fire      48%        6d13      11%         6
l - Orb of Destruction    Conj           55%        9d14      10%         7
m - Wereblood             Tmut           83%        N/A       1%          2

Your spell library contained the following spells:

 Spells                   Type           Power      Damage    Failure   Level
 Beastly Appendage        Tmut           100%       N/A       1%          1
 Foxfire                  Conj/Fire      100%       2x1d9     1%          1
 Freeze                   Ice            100%       1d11      1%          1
 Shock                    Conj/Air       100%       1d9       1%          1
 Sting                    Tmut/Pois      100%       1d8       1%          1
 Poisonous Vapours        Pois/Air       100%       N/A       1%          2
 Scorch                   Fire           100%       2d10      1%          2
 Static Discharge         Conj/Air       100%       3-16/arc  1%          2
 Dazzling Flash           Conj/Hex       100%       N/A       1%          3
 Gell's Gravitas          Tloc           81%        N/A       1%          3
 Lesser Beckoning         Tloc           81%        N/A       1%          3
 Stone Arrow              Conj/Erth      100%       3d13      1%          3
 Swiftness                Air            95%        N/A       1%          3
 Teleport Other           Tloc           81%        N/A       1%          3
 Flame Wave               Conj/Fire      96%        2d20      1%          4
 Ice Form                 Ice/Tmut       100%       N/A       1%          4
 Passwall                 Tmut/Erth      55%        N/A       2%          2
 Fireball                 Conj/Fire      48%        3d19      2%          5
 Fulminant Prism          Conj/Hex       42%        3d20      3%          4
 Portal Projectile        Hex/Tloc       100%       N/A       4%          3
 Spider Form              Tmut/Pois      67%        N/A       4%          3
 Passage of Golubria      Tloc           81%        N/A       4%          4
 Inner Flame              Hex/Fire       64%        N/A       5%          3
 Conjure Ball Lightning   Conj/Air       51%        3x3d18    5%          6
 Necrotise                Necr           100%       1d9       6%          1
 Sandblast                Erth           88%        2d18      6%          1
 Slow                     Hex            100%       N/A       6%          1
 Summon Small Mammal      Summ           100%       N/A       6%          1
 Simulacrum               Ice/Necr       50%        N/A       6%          6
 Summon Lightning Spire   Summ/Air       74%        N/A       7%          4
 Sublimation of Blood     Necr           44%        N/A       9%          2
 Blade Hands              Tmut           41%        N/A       9%          5
 Manifold Assault         Tloc           81%        N/A       10%         5
 Petrify                  Tmut/Erth      67%        N/A       12%         4
 Call Canine Familiar     Summ           44%        N/A       16%         3
 Confusing Touch          Hex            44%        N/A       16%         3
 Summon Guardian Golem    Hex/Summ       44%        N/A       16%         3
 Tukima's Dance           Hex            44%        N/A       16%         3
 Vampiric Draining        Necr           44%        2d9       16%         3
 Silence                  Hex/Air        37%        N/A       17%         5
 Alistair's Intoxication  Tmut/Pois      44%        N/A       30%         5
 Yara's Violent Unravell  Hex/Tmut       33%        3d14      30%         5
 Summon Forest            Summ/Tloc      32%        N/A       32%         5
 Iron Shot                Conj/Erth      42%        9d8       32%         6
 Cause Fear               Hex            22%        N/A       43%         4
 Leda's Liquefaction      Hex/Erth       22%        N/A       43%         4
 Olgreb's Toxic Radiance  Pois           44%        N/A       43%         4
 Dispersal                Tloc           40%        N/A       43%         6
 Storm Form               Tmut/Air       44%        N/A       71%         7
 Agony                    Necr           44%        N/A       75%         5
 Summon Mana Viper        Hex/Summ       44%        N/A       75%         5
 Eringya's Noxious Bog    Tmut/Pois      33%        N/A       83%         6
 Statue Form              Tmut/Erth      44%        N/A       83%         6
 Spellforged Servitor     Conj/Summ      42%        N/A       86%         7
 Dragon Form              Tmut           41%        N/A       89%         7
 Summon Cactus Giant      Summ           22%        N/A       99%         6
 Maxwell's Capacitive Co  Air            47%        ∞         99%         8
 Borgnjor's Revivificati  Necr           22%        N/A       100%        8
 Discord                  Hex            22%        N/A       100%        8
 Disjunction              Tloc           40%        N/A       100%        8
 Ignition                 Fire           39%        3d12      100%        8
 Lehudib's Crystal Spear  Conj/Erth      42%        10d10     100%        8
 Chain Lightning          Conj/Air       51%        3d68      100%        9
 Death's Door             Necr           22%        N/A       100%        9
 Dragon's Call            Summ           22%        N/A       100%        9


Dungeon Overview and Level Annotations

Branches:
Dungeon (15/15)            Temple (0/1) D:5            Lair (5/5) D:11
  Swamp (4/4) Lair:3        Snake (4/4) Lair:2        Slime (5/5) Lair:4
    Orc (2/2) D:11            Elf (3/3) Orc:2        Vaults (5/5) D:14
  Crypt (1/3) Vaults:3     Depths (4/4) D:15            Zot (5/5) Depths:4
Volcano (visited)          WizLab (visited)         Desolation (visited)

Shops:
D:8 (   Orc:1 :   Orc:2 :([*   Snake:2 (=:=   Snake:3 ([   Snake:4 !
Vaults:2 (   Vaults:4 ?   Depths:1 *

Portals:
Hell: Depths:1 Depths:2 Depths:3 Depths:4
Abyss: Depths:3 Depths:4
Pandemonium: Depths:2 Depths:3
Ziggurat: Depths:2

Annotations:
Elf:1 6 runed translucent doors
Elf:3 Hoasaluni's ghost, adept NaFi; Mayja's ghost, veteran DDBe; Timpihef's ghost, adept OpAK; Xihoome's ghost, veteran MiGl; beigtais's ghost, adept SpHu; flinch's ghost, adept DsNe; glosham's ghost, adept TrMo; zodiitti's ghost, adept GrMo
Zot:4 3 runed translucent doors, Jofris Vesimp's ghost, legendary GnFE


Innate Abilities, Weirdness & Mutations

You have an increased reservoir of magic. (+10% MP)
You shall have no god before yourself.
Your divine heritage dramatically boosts your attributes as you level up.
You have sharp toenails.
You are partially covered in iridescent scales. (AC +2)
You are dopey. (Int -2)
Your flesh is very heat resistant. (rF++)
You are frail. (-10% HP)
You occasionally shout uncontrollably at your foes.
Your spells are a little harder to cast, but a little more powerful.


Message History

There is a stone staircase leading up here.
You climb upwards.
There is a stone staircase leading down here.
There is a stone staircase leading down here.
There is a stone staircase leading up here.
You climb upwards.
There is a stone staircase leading down here.
Unknown command.
There is an open door here.
Magic restored.
You see here 8 stones.
An Orb Guardian comes into view.
Casting: Hailstorm (safe; 1% risk of failure)
Confirm with . or Enter, or press ? or * to list all spells.
Aiming: Airstrike (mildly dangerous; 1% risk of failure)
Press: ? - help, Dir - move target, f - Orb Guardian
Aim: an Orb Guardian (empty space bonus: 8/8)
The air twists around and strikes the Orb Guardian.
The Orb Guardian is lightly wounded.
Unknown command.
You hit the Orb Guardian.
The Orb Guardian is lightly wounded.
You block the Orb Guardian's attack.
You slash the Orb Guardian!
The Singing Sword intones an aria.
You send a blast of sound all around you.
The Orb Guardian is heavily wounded. x2
You block the Orb Guardian's attack.
You slice the Orb Guardian like a ripe choko!!!
The Orb Guardian is almost dead.
You block the Orb Guardian's attack. The Orb Guardian barely misses you.
You slice the Orb Guardian!!
You kill the Orb Guardian!
(D) Dungeon (T) Temple (L) Lair (S) Swamp (P) Snake Pit (M) Slime Pits (O) Orcish Mines (E) Elven Halls (V) Vaults (C) Crypt (U) Depths (H) Hell (Z) Zot
Where to? (Enter - D:1 @ (x,y), ? - help)
There is a staircase leading out of the dungeon here.
You have escaped!

#########
#.#.....#.#
#.........#
#.........#
#.#.....#.#
#.........#
#.........#
#.#.....#.#
#.........#
#....@....#
###########


There were no monsters in sight!

Vanquished Creatures
  the Royal Jelly (Slime:5)
  5 orbs of fire (Zot:5)
  2 dread liches
  7 ancient liches
  Tiamat (Zot:3)
  2 juggernauts
  Josephina (Depths:4)
  4 Killer Klowns (Zot:5)
  Bai Suzhen (Swamp:3)
  Vv (Zot:1)
  Vashnia (Snake:4)
  A pandemonium lord (D:10)
  2 caustic shrikes (D:15)
  The ghost of Imio the Warrior, an adept DgCj (Depths:1)
  14 golden dragons
  A profane servitor (Depths:4)
  3 bone dragons
  7 electric golems
  3 hellephants
  A Tzitzimitl (Depths:3)
  19 tentacled monstrosities
  Rupert (D:14)
  Zenata (Elf:3)
  4 liches
  A Hell Sentinel (Zot:2)
  A walking crystal tome (Depths:1)
  20 Orb Guardians
  2 deep elf master archers (Elf:3)
  Mlioglotl (Swamp:2)
  A walking frostbound tome (Depths:3)
  10 quicksilver dragons
  14 titans
  4 deep elf blademasters
  28 acid blobs
  7 sphinxes
  14 death cobs
  An ancient champion (Crypt:1)
  6 tengu reavers
  The ghost of Dittersdorf the Severer, an adept MiBe of Trog (Snake:2)
  3 thorn hunters
  Kirke (Snake:2)
  13 shadow dragons
  18 azure jellies
  13 draconian monks
  31 storm dragons
  Donald (Orc:2)
  A demonspawn warmonger (D:5)
  12 rockslimes
  2 revenants (Crypt:1)
  12 fire giants
  A nagaraja (Snake:4)
  6 draconian knights
  2 ghost moths
  An imperial myrmidon (Desolation)
  An iron dragon (Vaults:5)
  3 deep elf sorcerers
  14 frost giants
  Aizul (Snake:4)
  5 draconian scorchers
  4 spectral caustic shrikes (Depths:4)
  Louise (Snake:2)
  6 ghouls (Crypt:1)
  2 orc warlords
  18 vault wardens
  2 draconian stormcallers (Zot:1)
  3 juggernaut zombies (Depths:1)
  23 very ugly things
  5 deep elf elementalists
  8 draconian shifters
  8 ironbound thunderhulks
  2 war gargoyles
  6 draconian annihilators
  3 spriggan defenders
  The ghost of Mallanif the Martial Artist, a journeyman GnTm of Ashenzari (D:13)
  12 green draconians
  22 ironbound preservers
  18 stone giants
  A demonspawn corrupter (D:5)
  9 quicksilver oozes
  4 vampire knights
  Nessos (D:14)
  A spectral titan (WizLab)
  4 eleionomae
  The ghost of pzskc383 the Cleaver, a journeyman GrFi of Okawaru (Lair:5)
  8 deep elf demonologists
  13 black draconians
  4 deep elf annihilators
  7 spark wasps
  A lorocyproca (Zot:4)
  4 dire elephants (Vaults:2)
  2 halazid warlocks (Desolation)
  An eidolon (WizLab)
  3 bunyips
  15 purple draconians
  10 yellow draconians
  15 white draconians
  11 red draconians
  4 entropy weavers
  7 deep elf death magi
  29 ettins
  2 spectral quicksilver dragons (WizLab)
  3 crystal guardians
  A merfolk javelineer (Depths:3)
  Snorg (Orc:2)
  13 fire dragons
  6 deep elf high priests
  A shambling mangrove (Swamp:4)
  8 ragged hierophants (Desolation)
  9 great orbs of eyes
  A merfolk impaler (Depths:3)
  21 yaktaur captains
  8 rakshasas
  9 servants of whispers (Desolation)
  17 ice dragons
  12 jiangshi
  6 boulder beetles
  A caustic shrike simulacrum (Depths:4)
  39 vault guards
  30 hydras
  3 two-headed ogres
  21 anacondas
  2 ogre magi (Vaults:5)
  A salamander tyrant (Snake:4)
  16 peacekeepers
  7 ironbound frosthearts
  A juggernaut simulacrum (Depths:4)
  A ghost crab (Swamp:4)
  A merfolk avatar (Lair:5)
  7 spriggan air magi
  8 alligators
  7 deep troll earth magi
  6 death yaks
  27 dancing weapons
  3 death knights
  10 centaur warriors
  10 naga warriors
  8 deep troll shamans
  9 hell hogs (Depths:2)
  9 spriggan berserkers
  15 naga sharpshooters
  5 orc high priests (Orc:2)
  A titan zombie (Depths:1)
  11 shock serpents
  7 tengu warriors
  8 vampire magi
  19 deep elf knights
  6 hell knights
  6 soul eaters
  A fire crab (shapeshifter) (Vaults:5)
  5 flayed ghosts
  A golden dragon zombie (Depths:1)
  2 sea snakes (Lair:5)
  An orb spider (shapeshifter) (Depths:2)
  2 skeletal warriors (Crypt:1)
  A salamander mystic (Snake:4)
  3 goliath frogs
  11 iron trolls
  A death drake (Depths:4)
  4 shadow demons
  4 glowing orange brains
  76 deep trolls
  7 naga ritualists
  5 bog bodies
  6 spriggan druids
  A spriggan simulacrum (Crypt:1)
  A spectral wolf spider (WizLab)
  2 obsidian statues
  16 phantasmal warriors
  8 wizards
  15 swamp dragons
  20 lindwurms
  A shadow dragon zombie (Depths:1)
  Pikel (D:9)
  27 ironbound convokers
  16 deep elf archers
  3 fire giant zombies (Depths:1)
  23 deep elf pyromancers
  3 stone giant zombies (Depths:1)
  6 necromancers
  9 orc knights
  A harpy (Lair:5)
  41 deep elf zephyrmancers
  4 shining eyes
  3 iron dragon zombies (Depths:1)
  An eleionoma zombie (Crypt:1)
  3 orc sorcerers
  41 ugly things
  5 oklob plants (Lair:4)
  8 cyclopes
  A shining eye (shapeshifter) (Vaults:5)
  2 will-o-the-wisps (Swamp:4)
  39 moths of wrath
  2 frost giant zombies (Depths:1)
  10 salamanders
  10 mana vipers
  8 elephants (Lair:5)
  42 black mambas
  2 manticores
  2 gargoyles
  Joseph (D:7)
  14 guardian serpents
  17 naga magi
  22 vault sentinels
  Maggie (D:9)
  23 cane toads
  3 torpor snails
  2 orange demons
  A cane toad (shapeshifter) (Vaults:5)
  2 eyes of devastation
  3 spriggan zombies (Depths:1)
  An alligator snapping turtle zombie (Crypt:1)
  2 rime drakes
  8 komodo dragons
  46 yaktaurs
  4 kobold demonologists (D:13)
  A demonic crawler (D:10)
  5 tengu conjurers
  5 freezing wraiths
  A guardian mummy (Zot:3)
  A red devil (D:10)
  A tengu simulacrum (Depths:4)
  2 ice devils
  A troll (shapeshifter) (Elf:3)
  3 meliai (D:15)
  2 spectral harpies (WizLab)
  Prince Ribbit (D:6)
  7 trolls
  4 polar bears
  11 tyrant leeches
  85 saltlings (Desolation)
  10 hornets
  3 wind drakes (Lair:5)
  Grinder (D:4)
  14 blink frogs
  69 slime creatures
  A tarantella (Vaults:1)
  2 ettin zombies (Depths:1)
  2 snapping turtles (Lair:5)
  An ice dragon zombie (Crypt:1)
  A culicivora (shapeshifter) (D:13)
  A flying skull (WizLab)
  A jumping spider (shapeshifter) (Depths:1)
  3 shadows
  4 air elementals
  11 wyverns
  A centaur simulacrum (D:13)
  5 spriggans
  8 water elementals
  40 yaks
  5 fire bats (Volcano)
  3 fire elementals
  A small abomination (Zot:2)
  4 wraiths
  6 basilisks
  16 humans
  5 golden eyes (Slime:5)
  3 steam dragons
  2 hogs (Snake:2)
  3 redbacks
  2 chaos spawn (Depths:3)
  15 vampire mosquitoes
  10 swamp worms
  A neqoxec (Depths:3)
  41 nagas
  6 wargs
  A swamp worm (shapeshifter) (Vaults:1)
  5 acid dragons
  A glowing shapeshifter zombie (Depths:1)
  19 water moccasins
  A hell hound (Volcano)
  A floating eye (Depths:2)
  9 swamp drakes
  2 ice beasts
  A sky beast (D:6)
  10 ogres
  A black bear (shapeshifter) (D:14)
  2 black bears
  31 orc warriors
  12 wolves
  5 boggarts (D:15)
  8 centaurs
  2 lemures (D:9)
  2 phantoms
  10 kobold brigands (D:13)
  6 bullfrogs
  A necrophage (Crypt:1)
  3 gnoll sergeants
  A glowing shapeshifter simulacrum (Depths:4)
  2 earth elementals (Elf:1)
  6 scorpions
  12 wights
  A hornet simulacrum (D:13)
  18 killer bees
  3 howler monkeys
  3 electric eels
  4 crimson imps (D:11)
  8 lava snakes
  3 hounds
  17 orc priests
  4 jellies
  4 iguanas
  A black bear skeleton (Crypt:1)
  24 orc wizards
  Ijyb (D:4)
  5 hell rats (Lair:5)
  A statue (D:10)
  Robin (D:4)
  9 adders
  9 gnolls
  A swamp drake skeleton (Crypt:1)
  3 white imps
  3 ufetubi
  2 worms (D:3)
  A dart slug (D:3)
  68 orcs
  6 ball pythons
  A bat (shapeshifter) (Vaults:1)
  11 bats
  4 endoplasms
  4 giant cockroaches
  10 goblins
  11 hobgoblins
  7 jackals
  A quokka (D:3)
  3 frilled lizards
  5 kobolds
  6 rats
  A rat skeleton (Crypt:1)
  A river rat zombie (Crypt:1)
  6 briar patches (Swamp:1)
2571 creatures vanquished.

Vanquished Creatures (collateral kills)
  Nikola (Snake:2)
  A naga sharpshooter (Snake:2)
  A naga ritualist (Snake:2)
  A mana viper (Snake:2)
4 creatures vanquished.

Vanquished Creatures (others)
  A draconian annihilator (Depths:4)
  A spark wasp (Depths:4)
  A jiangshi (Depths:2)
  2 alligators (Swamp:4)
  A deep elf knight (Elf:3)
  2 bloated husks
  An iron dragon simulacrum (Depths:4)
  A polar bear (D:13)
  A human (Snake:2)
  A briar patch (Swamp:1)
  21 bushes (Depths:3)
  21 foxfires (Swamp:4)
  124 fungi
  135 plants
  6 withered plants (Desolation)
319 creatures vanquished.

Grand Total: 2894 creatures vanquished

Notes
Turn   | Place    | Note
-------+----------+-------------------------------------------
     0 | D:1      | dvd2 the Demigod Ice Elementalist began the quest for the
                  | Orb.
     0 | D:1      | Reached XP level 1. HP: 14/14 MP: 5/5
   399 | D:1      | Reached skill level 4 in Ice Magic
   614 | D:1      | Reached XP level 2. HP: 20/20 MP: 7/7
  1803 | D:2      | Reached XP level 3. HP: 26/26 MP: 4/8
  1807 | D:2      | Learned a level 3 spell: Frozen Ramparts
  2113 | D:3      | Noticed a scorpion
  2120 | D:3      | Killed a scorpion
  2121 | D:3      | Reached XP level 4. HP: 26/33 MP: 1/10
  2150 | D:2      | Learned a level 3 spell: Ozocubu's Armour
  2236 | D:3      | Reached skill level 5 in Ice Magic
  2237 | D:3      | Noticed an ogre
  2351 | D:3      | Found the +1 Delatra's gloves {ID++}
  2361 | D:3      | Reached XP level 5. HP: 34/38 MP: 7/11
  2670 | D:3      | Killed an ogre
  2877 | D:3      | You fall into a shaft and drop 3 floors!
  2910 | D:6      | Reached skill level 6 in Ice Magic
  2910 | D:6      | Reached XP level 6. HP: 36/46 MP: 5/13
  3160 | D:5      | Entered Level 5 of the Dungeon
  3353 | D:5      | Reached XP level 7. HP: 49/51 MP: 9/15
  3460 | D:5      | Reached skill level 1 in Short Blades
  3487 | D:5      | Reached skill level 1 in Fighting
  3503 | D:5      | Reached skill level 7 in Ice Magic
  3531 | D:5      | Gained mutation: Your body sometimes deteriorates upon
                  | taking damage. [potion of mutation]
  3531 | D:5      | Gained mutation: Your muscles are strong. (Str +4, Int/Dex
                  | -1) [potion of mutation]
  3531 | D:5      | Gained mutation: Your muscles are very strong. (Str +8,
                  | Int/Dex -2) [potion of mutation]
  3939 | D:5      | Identified the amulet of Fenwuesa {Contam *Slow rElec rPois
                  | Regen+}
  4139 | D:4      | Noticed Ijyb
  4158 | D:4      | Killed Ijyb
  4178 | D:4      | Learned a level 4 spell: Hailstorm
  4390 | D:4      | Noticed Grinder
  4392 | D:4      | Paralysed by Grinder for 4 turns
  4409 | D:4      | Paralysed by Grinder for 3 turns
  4414 | D:4      | Killed Grinder
  4415 | D:4      | Reached XP level 8. HP: 59/59 MP: 1/17
  4693 | D:4      | Reached skill level 1 in Conjurations
  4693 | D:4      | Reached skill level 8 in Ice Magic
  4887 | D:4      | Noticed Robin
  4893 | D:4      | Killed Robin
  5235 | D:4      | Reached skill level 1 in Armour
  5752 | D:5      | Found the +7 Singing Sword {vorpal, sonic wave}
  5991 | D:5      | Found a staircase to the Ecumenical Temple.
  6079 | D:6      | Reached XP level 9. HP: 67/67 MP: 19/19
  6203 | D:6      | Reached skill level 1 in Long Blades
  6369 | D:6      | Noticed Prince Ribbit
  6382 | D:6      | Killed Prince Ribbit
  6624 | D:7      | Reached skill level 9 in Ice Magic
  6899 | D:7      | Reached skill level 5 in Spellcasting
  6958 | D:7      | Noticed Joseph
  6970 | D:7      | Killed Joseph
  7282 | D:8      | Found Giptaur's Antique Weapon Boutique.
  7932 | D:9      | Noticed a +0 spear
  7932 | D:9      | Noticed a +0 dagger
  7933 | D:9      | Noticed a +0 spear
  7933 | D:9      | Noticed a +0 short sword
  7934 | D:9      | Noticed a +0 short sword
  7934 | D:9      | Noticed a +0 falchion
  7935 | D:9      | Noticed a +0 falchion
  7936 | D:9      | Noticed a +0 dagger
  7937 | D:9      | Noticed Pikel
  7943 | D:9      | Killed Pikel
  7954 | D:9      | Reached XP level 10. HP: 72/74 MP: 13/21
  8091 | D:9      | Noticed Maggie
  8099 | D:9      | Reached skill level 10 in Ice Magic
  8101 | D:9      | Killed Maggie
  8132 | D:9      | Lost mutation: Your body sometimes deteriorates upon taking
                  | damage. [potion of mutation]
  8132 | D:9      | Lost mutation: Your muscles are very strong. (Str +8,
                  | Int/Dex -2) [potion of mutation]
  8132 | D:9      | Gained mutation: You are agile. (Dex +4, Str/Int -1)
                  | [potion of mutation]
  8132 | D:9      | Gained mutation: Your spells are a little easier to cast,
                  | but a little less powerful. [potion of mutation]
  8133 | D:9      | Lost mutation: Your spells are a little easier to cast, but
                  | a little less powerful. [potion of mutation]
  8133 | D:9      | Lost mutation: Your muscles are strong. (Str +4, Int/Dex
                  | -1) [potion of mutation]
  8133 | D:9      | Gained mutation: You do not regenerate when monsters are
                  | visible. [potion of mutation]
  8133 | D:9      | Gained mutation: You are partially covered in large bone
                  | plates. (SH +4) [potion of mutation]
  8133 | D:9      | Gained mutation: You have a pair of small horns on your
                  | head. [potion of mutation]
  8703 | D:10     | Entered Level 10 of the Dungeon
  9827 | D:11     | Noticed a brown ugly thing
  9838 | D:11     | Killed a brown ugly thing
  9935 | D:11     | Reached skill level 5 in Long Blades
 10018 | D:11     | Noticed an eight-headed hydra
 10042 | D:11     | Reached skill level 5 in Dodging
 10121 | D:11     | Noticed a two-headed ogre
 10134 | D:11     | Killed a two-headed ogre
 10135 | D:11     | Reached XP level 11. HP: 81/81 MP: 13/25
 10328 | D:11     | Killed an eight-headed hydra
 10423 | D:11     | Found a staircase to the Lair.
 10526 | D:11     | Noticed a boulder beetle
 10694 | D:11     | Reached skill level 11 in Ice Magic
 10733 | D:11     | Reached skill level 1 in Evocations
 10741 | D:11     | Killed a boulder beetle
 10790 | D:11     | Noticed a two-headed ogre
 10825 | D:11     | Noticed a boulder beetle
 10834 | D:11     | Killed a boulder beetle
 10854 | D:11     | Killed a two-headed ogre
 11112 | D:11     | Reached skill level 1 in Shields
 11443 | D:11     | Found a staircase to the Orcish Mines.
 11519 | D:11     | Identified a scroll of acquirement
 11520 | D:11     | Acquired a ring of the Octopus King {rN+ HP+2 AC+2 EV+2
                  | SH+2}
 11520 | D:11     | Found the ring of the Octopus King {rN+ HP+2 AC+2 EV+2
                  | SH+2}
 11555 | D:11     | Lost mutation: You do not regenerate when monsters are
                  | visible. [potion of mutation]
 11555 | D:11     | Lost mutation: You are partially covered in large bone
                  | plates. (SH +4) [potion of mutation]
 11555 | D:11     | Gained mutation: You have supernaturally acute eyesight.
                  | (SInv) [potion of mutation]
 11672 | Lair:1   | Entered Level 1 of the Lair of Beasts
 12011 | Lair:1   | Identified the +8 short sword "Xeij" {vorpal, Str-4 Int+8
                  | Stlth+}
 12774 | Lair:2   | Reached XP level 12. HP: 89/89 MP: 17/28
 13357 | Lair:2   | Found a staircase to the Snake Pit.
 13688 | Lair:2   | Noticed a six-headed hydra
 13710 | Lair:2   | Killed a six-headed hydra
 13850 | Lair:3   | Found a staircase to the Swamp.
 13871 | Lair:3   | Reached skill level 12 in Ice Magic
 14119 | Lair:3   | Found a dark tunnel.
 14134 | Volcano  | Entered a volcano
 14354 | Volcano  | Noticed a fire dragon
 14362 | Volcano  | Killed a fire dragon
 15250 | Lair:4   | Reached XP level 13. HP: 81/96 MP: 27/30
 15495 | Lair:4   | Found a staircase to the Slime Pits.
 16199 | Lair:4   | Reached skill level 5 in Stealth
 16752 | Lair:5   | Entered Level 5 of the Lair of Beasts
 16863 | Lair:5   | Reached skill level 10 in Long Blades
 17903 | Lair:5   | Reached skill level 10 in Spellcasting
 17909 | Lair:5   | Reached XP level 14. HP: 71/104 MP: 23/32
 18159 | Lair:5   | Found the +9 heavy crossbow "Sniper" {vorpal, Acc+∞ SInv}
 18169 | Lair:5   | Found a runed translucent door.
 18170 | Lair:5   | Noticed pzskc383's ghost (journeyman GrFi)
 18242 | Lair:5   | Killed pzskc383's ghost
 18248 | Lair:5   | Identified the +7 falchion of the Doomed Warrior {flame,
                  | rF+++ rN+ Will- MP+9}
 18407 | Orc:1    | Entered Level 1 of the Orcish Mines
 19071 | Orc:2    | Entered Level 2 of the Orcish Mines
 19071 | Orc:2    | Noticed Snorg
 19084 | Orc:2    | Killed Snorg
 19150 | Orc:2    | Found a staircase to the Elven Halls.
 19154 | Orc:2    | Noticed Donald
 19168 | Orc:2    | Killed Donald
 19211 | Orc:2    | Reached skill level 13 in Ice Magic
 19212 | Orc:2    | Reached skill level 5 in Conjurations
 19385 | Orc:2    | Found Siwoixta's General Store.
 19533 | Orc:2    | Noticed an orc warlord
 19571 | Orc:2    | Killed an orc warlord
 19670 | Orc:2    | Found Volupore's Antique Weapon Boutique.
 19684 | Orc:2    | Bought a crude falchion for 160 gold pieces
 19684 | Orc:2    | Identified the +6 falchion "Ely Loen" {drain, *Noise rN++
                  | Int+6} (You bought it in a shop on level 2 of the Orcish
                  | Mines)
 19976 | Orc:2    | Found Veghum's Antique Armour Shoppe.
 20063 | Orc:2    | Found Suesugabb's Book Boutique.
 20256 | Orc:1    | Found Feish's Book Shoppe.
 20530 | D:12     | Learned a level 1 spell: Shock
 20535 | D:12     | Learned a level 4 spell: Airstrike
 21507 | D:13     | Reached skill level 1 in Air Magic
 22147 | D:13     | Noticed Mallanif's ghost (journeyman GnTm)
 22148 | D:13     | Found a runed translucent gate.
 22148 | D:13     | Found a runed translucent gate.
 22148 | D:13     | Found a runed translucent gate.
 22280 | D:13     | Killed Mallanif's ghost
 22386 | D:14     | Noticed Rupert
 22386 | D:14     | Noticed Nessos
 22386 | D:14     | Found a gate to the Vaults.
 22607 | D:14     | Reached skill level 5 in Fighting
 22979 | D:14     | Killed Rupert
 23512 | D:14     | Killed Nessos
 23513 | D:14     | Reached XP level 15. HP: 107/113 MP: 15/34
 23867 | D:15     | Entered Level 15 of the Dungeon
 24533 | D:15     | Identified the +5 long sword of the Chain {protect, rPois
                  | Int-2 SInv}
 24790 | D:15     | Learned a level 7 spell: Ozocubu's Refrigeration
 24924 | D:15     | Found a staircase to the Depths.
 25664 | Snake:1  | Entered Level 1 of the Snake Pit
 25826 | Snake:1  | Reached skill level 10 in Dodging
 26502 | Snake:1  | Reached skill level 14 in Ice Magic
 27186 | Snake:2  | Found Taugyrr's Jewellery Emporium.
 27187 | Snake:2  | Found Degadokeb's Book Boutique.
 27188 | Snake:2  | Found Eddot's Jewellery Emporium.
 27216 | Snake:2  | Found Viquidghu's Weapon Emporium.
 27435 | Snake:2  | Noticed Louise
 27436 | Snake:2  | Found a runed translucent gate.
 27436 | Snake:2  | Found a runed translucent gate.
 27437 | Snake:2  | Found a runed translucent gate.
 27451 | Snake:2  | Killed Louise
 27579 | Snake:2  | Noticed Kirke
 27587 | Snake:2  | Killed Kirke
 27833 | Snake:2  | Noticed Dittersdorf's ghost (adept MiBe)
 28059 | Snake:2  | Noticed Nikola
 28072 | Snake:2  | Killed Nikola
 28084 | Snake:2  | Reached skill level 5 in Air Magic
 28527 | Snake:3  | Found Itawuin's Weapon Shop.
 28780 | Snake:3  | Reached XP level 16. HP: 107/121 MP: 18/36
 29008 | Snake:3  | Found a gateway to a bazaar.
 29026 | Bazaar   | Entered a bazaar
 29026 | Bazaar   | Found Xozau's Jewellery Shoppe.
 29026 | Bazaar   | Found Ycuutroq's Armour Emporium.
 29028 | Bazaar   | Found Vosuis's Antique Armour Shoppe.
 29038 | Bazaar   | Bought a pair of runed boots for 135 gold pieces
 29049 | Bazaar   | Bought a runed helmet for 135 gold pieces
 29056 | Bazaar   | Found Ciejub's Magic Scroll Emporium.
 29065 | Bazaar   | Bought a scroll of enchant armour for 82 gold pieces
 29065 | Bazaar   | Bought a scroll of teleportation for 33 gold pieces
 29065 | Bazaar   | Bought a scroll of enchant armour for 82 gold pieces
 29065 | Bazaar   | Bought a scroll of magic mapping for 82 gold pieces
 29079 | Bazaar   | Bought the ring "Bydun" {rPois rC+} for 434 gold pieces
 29438 | Snake:3  | Found Unirchot's Armour Shoppe.
 29446 | Snake:3  | Bought a +0 cloak for 85 gold pieces
 29543 | Snake:4  | Entered Level 4 of the Snake Pit
 29556 | Snake:4  | Noticed Aizul
 29574 | Snake:4  | Killed Aizul
 30320 | Snake:4  | Noticed Vashnia
 30332 | Snake:4  | Reached skill level 15 in Ice Magic
 30888 | Swamp:1  | Entered Level 1 of the Swamp
 31304 | Swamp:1  | Learned a level 5 spell: Irradiate
 32126 | Swamp:2  | Reached skill level 1 in Transmutations
 32251 | Swamp:2  | Learned a level 5 spell: Lightning Bolt
 32436 | Swamp:2  | Noticed Mlioglotl
 32447 | Swamp:2  | Killed Mlioglotl
 33080 | Swamp:2  | Acquired the ring "Tynkoe" {*Slow rElec rF++ rCorr Str+6}
 33564 | Swamp:4  | Entered Level 4 of the Swamp
 33802 | Swamp:4  | Reached XP level 17. HP: 126/128 MP: 20/38
 34328 | Swamp:4  | Noticed Bai Suzhen
 34481 | Swamp:3  | Killed Bai Suzhen
 35224 | Swamp:4  | Reached skill level 1 in Ranged Weapons
 35634 | Swamp:4  | Got a decaying rune of Zot
 35828 | Elf:1    | Entered Level 1 of the Elven Halls
 35921 | Elf:1    | Identified the +1 leather armour "Ore Atel" {rF++ Dex+3}
 36173 | Elf:1    | Reached skill level 16 in Ice Magic
 36615 | Elf:1    | Identified the +2 quarterstaff "Beomi" {protect, rF+}
 36816 | Elf:1    | Found a runed translucent gate.
 36816 | Elf:1    | Found a runed translucent gate.
 36816 | Elf:1    | Found a runed translucent gate.
 36816 | Elf:1    | Found a runed translucent gate.
 36816 | Elf:1    | Found a runed translucent gate.
 36817 | Elf:1    | Found a runed translucent gate.
 38584 | Elf:2    | Got the Essays on Combat Magic
 38688 | Elf:2    | Reached XP level 18. HP: 122/134 MP: 27/40
 38733 | Elf:2    | Found a huge runed translucent gate.
 38733 | Elf:2    | Found a huge runed translucent gate.
 38733 | Elf:2    | Found a huge runed translucent gate.
 38733 | Elf:2    | Found a huge runed translucent gate.
 38733 | Elf:2    | Found a huge runed translucent gate.
 40068 | Elf:3    | Entered Level 3 of the Elven Halls
 40184 | Elf:3    | Acquired the +3 hat of the Spheres {Fly rF+}
 40302 | Elf:3    | Found a huge runed gate.
 40302 | Elf:3    | Found a huge runed gate.
 40302 | Elf:3    | Found a huge runed gate.
 40312 | Elf:3    | Found a huge runed gate.
 40316 | Elf:3    | Found a huge runed gate.
 40318 | Elf:3    | Found a huge runed gate.
 40319 | Elf:3    | Found a huge runed gate.
 40320 | Elf:3    | Found a huge runed gate.
 40322 | Elf:3    | Found a huge runed gate.
 40322 | Elf:3    | Found a huge runed gate.
 40461 | Elf:3    | Noticed Zenata
 40462 | Elf:3    | Found a huge runed gate.
 40462 | Elf:3    | Found a huge runed gate.
 40462 | Elf:3    | Found a huge runed gate.
 40463 | Elf:3    | Found a huge runed gate.
 40463 | Elf:3    | Found a huge runed gate.
 40463 | Elf:3    | Found a huge runed gate.
 40463 | Elf:3    | Found a huge runed gate.
 40470 | Elf:3    | Killed Zenata
 40472 | Elf:3    | Found a huge runed gate.
 40472 | Elf:3    | Found a huge runed gate.
 40779 | Elf:3    | Found a huge runed gate.
 40785 | Elf:3    | Found a huge runed gate.
 40785 | Elf:3    | Found a huge runed gate.
 40785 | Elf:3    | Found a huge runed gate.
 40786 | Elf:3    | Found a huge runed gate.
 40787 | Elf:3    | Found a huge runed gate.
 40789 | Elf:3    | Found a huge runed gate.
 40790 | Elf:3    | Found a huge runed gate.
 40791 | Elf:3    | Found a huge runed gate.
 40816 | Elf:3    | Found a huge runed gate.
 40816 | Elf:3    | Found a huge runed gate.
 40816 | Elf:3    | Found a huge runed gate.
 40816 | Elf:3    | Found a huge runed gate.
 40816 | Elf:3    | Found a huge runed gate.
 40889 | Elf:3    | Found a huge runed gate.
 40891 | Elf:3    | Found a huge runed gate.
 40892 | Elf:3    | Found a huge runed gate.
 40958 | Elf:3    | Paralysed by an air elemental for 1 turns
 41128 | Elf:3    | Identified the +1 scale mail "Zeisk" {Int+4}
 41135 | Elf:3    | Identified the +2 hand axe of Glamorous Action {vorpal,
                  | rCorr}
 41155 | Elf:3    | Reached skill level 17 in Ice Magic
 41303 | Elf:3    | Reached skill level 15 in Long Blades
 41558 | Elf:3    | Identified the ring "Methoh" {+Blink AC+4 Dex+8}
 41683 | Elf:3    | Identified the ring "Pyrgh" {rC+ Will+}
 41778 | Elf:3    | Identified the +6 quarterstaff "Hydraslayer" {flame,
                  | Stlth+}
 42400 | Elf:3    | Got the Omnibus of Viperous Attacks
 42408 | Elf:3    | Got the Directory of the Conflagrant Squall
 42410 | Elf:3    | Got the Octavo of Alluring Wicked Mysteries
 42420 | Elf:3    | Identified the +4 sling of the Maze {flame, Will++ SInv}
 42452 | Elf:3    | Identified the +2 spear "Ziesum" {antimagic, Int+4}
 42506 | Elf:3    | Identified the +0 pair of gloves of Gorpha {rC+ rCorr}
 42644 | Elf:3    | Noticed zodiitti's ghost (adept GrMo)
 42644 | Elf:3    | Noticed glosham's ghost (adept TrMo)
 42644 | Elf:3    | Noticed flinch's ghost (adept DsNe)
 42644 | Elf:3    | Noticed beigtais's ghost (adept SpHu)
 42644 | Elf:3    | Noticed Hoasaluni's ghost (adept NaFi)
 42644 | Elf:3    | Noticed Mayja's ghost (veteran DDBe)
 42644 | Elf:3    | Noticed Xihoome's ghost (veteran MiGl)
 42644 | Elf:3    | Noticed Timpihef's ghost (adept OpAK)
 42644 | Elf:3    | Noticed Mayja's ghost (veteran DDBe)
 42840 | Vaults:1 | Entered Level 1 of the Vaults
 43770 | Vaults:1 | Reached XP level 19. HP: 70/143 MP: 14/42
 44839 | Snake:4  | Found Denliav's Distillery.
 44847 | Snake:4  | Bought a potion of brilliance for 44 gold pieces
 44847 | Snake:4  | Bought a potion of curing for 33 gold pieces
 44847 | Snake:4  | Bought a potion of curing for 33 gold pieces
 44847 | Snake:4  | Bought a potion of invisibility for 88 gold pieces
 44847 | Snake:4  | Bought a potion of curing for 33 gold pieces
 44847 | Snake:4  | Bought a potion of resistance for 110 gold pieces
 45699 | Snake:4  | Got a serpentine rune of Zot
 46022 | Snake:2  | Killed Dittersdorf's ghost
 46472 | Vaults:1 | Reached skill level 18 in Ice Magic
 46690 | Vaults:1 | Reached skill level 10 in Conjurations
 47597 | Vaults:1 | Identified the +5 giant spiked club "Begefeit" {freeze,
                  | rCorr Str+2 Int+3 Dex+4}
 47820 | Vaults:1 | Identified the +9 halberd "Hocatoz" {antimagic, Str-2 Int+6
                  | Dex+6}
 48084 | Vaults:2 | Reached skill level 5 in Armour
 48358 | Vaults:2 | Found Assokhaso's Weapon Emporium.
 48523 | Vaults:2 | Found a crumbling gateway.
 48570 | Desolati | Entered the Desolation of Salt
 48591 | Desolati | Reached XP level 20. HP: 139/152 MP: 28/44
 48722 | Desolati | Reached skill level 5 in Shields
 49125 | Desolati | Found the +7 lajatang of Order {silver, rMut}
 49326 | Desolati | Identified the +1 robe of the Storm King {Str+4 Archmagi}
 49344 | Desolati | Identified the amulet "Qiomogum" {Reflect Str+4 Dex+7 SH+5}
 49389 | Desolati | Got the Dissertation on Geometric Enchantment
 49467 | Desolati | Identified the +5 battleaxe "Waichiax" {protect, rElec}
 49612 | Desolati | Identified the amulet "Piuca" {Acrobat rPois rC+++ Slay+5}
 49614 | Desolati | Identified the ring "Botoraj" {Ice Drain +Blink rElec
                  | Int+4}
 50665 | Vaults:2 | Learned a level 2 spell: Blink
 50832 | Vaults:3 | Reached skill level 1 in Translocations
 50909 | Vaults:3 | Learned a level 1 spell: Apportation
 51722 | Vaults:3 | Reached skill level 15 in Spellcasting
 51929 | Vaults:3 | Found a staircase to the Crypt.
 52335 | Slime:1  | Entered Level 1 of the Pits of Slime
 52337 | Slime:1  | Gained mutation: You expend magic power (3 MP) to
                  | strengthen your wands. [a shining eye]
 52785 | Slime:4  | Reached skill level 19 in Ice Magic
 52954 | Slime:5  | Entered Level 5 of the Pits of Slime
 53249 | Slime:5  | Reached skill level 5 in Transmutations
 53296 | Slime:5  | Gained mutation: You occasionally lose the ability to read
                  | scrolls when taking damage. [a shining eye]
 53340 | Slime:4  | Reached XP level 21. HP: 142/159 MP: 31/46
 53494 | Slime:5  | Noticed the Royal Jelly
 54996 | Slime:5  | Killed the Royal Jelly
 55122 | Slime:5  | Got a slimy rune of Zot
 55192 | Slime:5  | Identified the amulet "Licifoug" {Reflect rPois Str+3 Dex+4
                  | SH+5}
 55242 | Slime:5  | Identified the ring of the Amoeba {MP+9 Int+4 Dex+3 Stlth+}
 55243 | Slime:5  | Identified the +9 morningstar of Jumping Execution {freeze,
                  | rElec}
 55258 | Slime:5  | Identified the +7 chain mail of Mir Maq {Str+5 Int+4}
 55570 | D:13     | Lost mutation: You are agile. (Dex +4, Str/Int -1)
                  | [mutagenic glow]
 55894 | Depths:1 | Entered Level 1 of the Depths
 55894 | Depths:1 | Found a gateway to Hell.
 55957 | Depths:1 | Noticed a caustic shrike
 56117 | D:15     | Killed a caustic shrike
 56135 | Depths:1 | Noticed a caustic shrike
 56231 | D:15     | Killed a caustic shrike
 56264 | Depths:1 | Identified the ring "Oseliuh" {Fly Int+3 Dex+2}
 56767 | Depths:1 | Noticed a juggernaut
 56769 | Depths:1 | Noticed Imio's ghost (adept DgCj)
 56837 | Depths:1 | Found Ottaixas's Assorted Antiques.
 57263 | Depths:1 | Got the Almanac of Virous Evil Liturgies
 58157 | Depths:1 | Found a transporter.
 58160 | Depths:1 | Found a transporter.
 58375 | Depths:2 | Reached skill level 20 in Ice Magic
 58741 | Depths:2 | Lost mutation: You have a pair of small horns on your head.
                  | [potion of mutation]
 58741 | Depths:2 | Lost mutation: You expend magic power (3 MP) to strengthen
                  | your wands. [potion of mutation]
 58741 | Depths:2 | Lost mutation: You have supernaturally acute eyesight.
                  | (SInv) [potion of mutation]
 58741 | Depths:2 | Gained mutation: You sometimes lose your temper in combat.
                  | [potion of mutation]
 58741 | Depths:2 | Gained mutation: You are strong-willed. (Will+) [potion of
                  | mutation]
 58741 | Depths:2 | Gained mutation: You are weak. (Str -2) [potion of
                  | mutation]
 58742 | Depths:2 | Lost mutation: You are strong-willed. (Will+) [potion of
                  | mutation]
 58742 | Depths:2 | Lost mutation: You are weak. (Str -2) [potion of mutation]
 58742 | Depths:2 | Lost mutation: You sometimes lose your temper in combat.
                  | [potion of mutation]
 58742 | Depths:2 | Gained mutation: You are agile. (Dex +4, Str/Int -1)
                  | [potion of mutation]
 58742 | Depths:2 | Gained mutation: You possess an exceptional clarity of
                  | mind. [potion of mutation]
 58866 | Depths:2 | Reached XP level 22. HP: 168/168 MP: 43/48
 58866 | Depths:2 | Lost mutation: You are agile. (Dex +4, Str/Int -1) [potion
                  | of mutation]
 58866 | Depths:2 | Lost mutation: You possess an exceptional clarity of mind.
                  | [potion of mutation]
 58866 | Depths:2 | Lost mutation: You occasionally lose the ability to read
                  | scrolls when taking damage. [potion of mutation]
 58866 | Depths:2 | Gained mutation: Your flesh is heat resistant. (rF+)
                  | [potion of mutation]
 58866 | Depths:2 | Gained mutation: You have sharp toenails. [potion of
                  | mutation]
 58866 | Depths:2 | Gained mutation: Your flesh is very heat resistant. (rF++)
                  | [potion of mutation]
 58866 | Depths:2 | Gained mutation: Your spells are a little harder to cast,
                  | but a little more powerful. [potion of mutation]
 59310 | Vaults:2 | Learned a level 5 spell: Iskenderun's Battlesphere
 59864 | Depths:2 | Noticed an ancient lich
 59865 | Depths:2 | Found a one-way gateway to a ziggurat.
 59978 | Depths:2 | Killed an ancient lich
 60085 | Depths:2 | Found a one-way gate leading to the halls of Pandemonium.
 60292 | Depths:3 | Reached skill level 5 in Evocations
 60444 | Depths:3 | Found a one-way gate to the infinite horrors of the Abyss.
 60513 | Depths:3 | Found a magical portal.
 60518 | WizLab   | Entered Borgnjor's Mausoleum
 61416 | Depths:3 | Noticed an ancient lich
 61481 | Depths:3 | Identified the +5 chain mail "Podyux" {rCorr Str+3}
 61492 | Depths:3 | Reached skill level 10 in Shields
 61498 | Depths:3 | Killed an ancient lich
 62116 | Depths:4 | Entered Level 4 of the Depths
 62303 | Depths:4 | Identified the ring "Aklimir" {Ice rElec Str+5}
 62303 | Depths:4 | Noticed Josephina
 62800 | Depths:4 | Killed Josephina
 63093 | Depths:4 | Reached skill level 21 in Ice Magic
 63716 | Depths:4 | Noticed a juggernaut
 63741 | Depths:4 | Killed a juggernaut
 64009 | Depths:4 | Reached XP level 23. HP: 169/177 MP: 7/50
 64224 | Depths:4 | Found a portal to a secret trove of treasure.
 64273 | Depths:4 | You showed the slimy rune of Zot to enter a treasure trove
 64274 | Trove    | Entered a treasure trove
 65065 | Depths:4 | Found a gate to the Realm of Zot.
 65262 | Depths:4 | Learned a level 6 spell: Starburst
 65486 | Crypt:1  | Entered Level 1 of the Crypt
 65761 | Crypt:1  | Reached skill level 1 in Fire Magic
 68126 | Vaults:4 | Found Buur's Magic Scroll Emporium.
 68134 | Vaults:4 | Bought a scroll of magic mapping for 135 gold pieces
 68134 | Vaults:4 | Bought a scroll of fear for 72 gold pieces
 68134 | Vaults:4 | Bought a scroll of enchant weapon for 135 gold pieces
 68134 | Vaults:4 | Bought a scroll of enchant armour for 135 gold pieces
 68134 | Vaults:4 | Bought a scroll of blinking for 135 gold pieces
 68134 | Vaults:4 | Bought a scroll of blinking for 135 gold pieces
 68134 | Vaults:4 | Bought a scroll of fear for 72 gold pieces
 69034 | Snake:4  | Killed Vashnia
 69421 | Depths:1 | Reached skill level 22 in Ice Magic
 69424 | Depths:1 | Killed a juggernaut
 69442 | Depths:1 | Killed Imio's ghost
 69646 | Depths:1 | Bought a glowing scarf for 248 gold pieces
 69646 | Depths:1 | Bought a pair of runed boots for 232 gold pieces
 69750 | Zot:1    | Entered Level 1 of the Realm of Zot
 69892 | Zot:1    | Reached XP level 24. HP: 174/185 MP: 14/51
 70460 | Zot:1    | Noticed Vv
 70488 | Zot:1    | Killed Vv
 71938 | Zot:2    | Reached skill level 5 in Fire Magic
 72343 | Zot:2    | Noticed an ancient lich
 72360 | Zot:2    | Killed an ancient lich
 72777 | Zot:2    | Identified the +1 helmet "Ini Zyed" {rElec MP+9}
 74299 | Zot:3    | Noticed a dread lich
 74309 | Zot:3    | Paralysed by a dread lich for 5 turns
 74958 | Vaults:5 | Entered Level 5 of the Vaults
 75121 | Vaults:5 | Reached XP level 25. HP: 122/193 MP: 9/51
 75190 | Vaults:5 | Reached skill level 23 in Ice Magic
 75460 | Vaults:5 | Noticed an ancient lich
 75472 | Vaults:5 | Killed an ancient lich
 75664 | Vaults:5 | Noticed an ancient lich
 75686 | Vaults:5 | Killed an ancient lich
 76079 | Vaults:5 | Identified the +8 chain mail "Diruv" {Fly rC+ Will+}
 76120 | Vaults:5 | Got the Treatise on Variation and the Jaunt
 76241 | Vaults:5 | Got a silver rune of Zot
 76374 | Vaults:5 | Identified the ring "Qitemnir" {rElec rPois EV+4}
 76621 | Vaults:5 | Identified the +2 scale mail "Ezep" {Fly rF+ Dex-4}
 76809 | Vaults:5 | Noticed an ancient lich
 76817 | Vaults:5 | Killed an ancient lich
 76818 | Vaults:5 | Reached skill level 10 in Fighting
 76948 | Vaults:5 | Learned a level 7 spell: Orb of Destruction
 76951 | Vaults:5 | Learned a level 2 spell: Wereblood
 76957 | Vaults:5 | Learned a level 5 spell: Manifold Assault
 77099 | Vaults:5 | Identified the +9 rapier of Virtue {flame, rN+ Dex+2}
 77564 | Zot:3    | Noticed an ancient lich
 77574 | Zot:3    | Killed an ancient lich
 77575 | Zot:3    | Reached skill level 15 in Shields
 77575 | Zot:3    | Reached skill level 5 in Translocations
 77580 | Zot:3    | Killed a dread lich
 77720 | Zot:3    | Found the +4 dragonskin cloak
 77720 | Zot:3    | Noticed Tiamat
 78300 | Zot:3    | Killed Tiamat
 79141 | Zot:4    | Noticed Jofris Vesimp's ghost (legendary GnFE)
 79261 | Zot:4    | Identified the +0 mace of Impatience {freeze, Will- Str+5
                  | SInv}
 79808 | Zot:4    | Found a runed translucent gate.
 79809 | Zot:4    | Found a runed translucent gate.
 79811 | Zot:4    | Found a runed translucent gate.
 80479 | Zot:4    | Reached XP level 26. HP: 197/202 MP: 20/52
 80773 | Zot:4    | Identified the +6 quarterstaff of the Moon {holy, Will+}
 80842 | Zot:4    | Identified the +0 scale mail of the Locust {Contam rPois
                  | rC+++ SInv}
 81229 | Zot:5    | Entered Level 5 of the Realm of Zot
 81851 | Zot:5    | Noticed an orb of fire
 81853 | Zot:5    | Reached skill level 10 in Air Magic
 81863 | Zot:5    | Noticed a dread lich
 81863 | Zot:5    | Noticed an orb of fire
 81864 | Zot:5    | Noticed an orb of fire
 81869 | Zot:5    | Gained mutation: You are partially covered in iridescent
                  | scales. (AC +2) [an orb of fire]
 81872 | Zot:5    | Killed an orb of fire
 81872 | Zot:5    | Noticed an orb of fire
 82172 | Zot:5    | Noticed an orb of fire
 82173 | Zot:5    | Gained mutation: You are frail. (-10% HP) [an orb of fire]
 82174 | Zot:5    | Gained mutation: You occasionally shout uncontrollably at
                  | your foes. [an orb of fire]
 82177 | Zot:5    | Gained mutation: You are dopey. (Int -2) [an orb of fire]
 82179 | Zot:5    | Killed an orb of fire
 82218 | Zot:5    | Killed an orb of fire
 82384 | Zot:5    | Killed an orb of fire
 82393 | Zot:5    | Killed an orb of fire
 82621 | Zot:5    | Killed a dread lich
 83047 | Zot:5    | Got the Orb of Zot
 83188 | Zot:2    | Noticed Wonuec the pandemonium lord
 83193 | Zot:2    | Reached skill level 24 in Ice Magic
 83477 | D:10     | Noticed Xukuxoikif the pandemonium lord
 83491 | D:10     | Killed Xukuxoikif the pandemonium lord
 83492 | D:10     | Reached skill level 15 in Conjurations
 83694 | D:$      | Escaped with the Orb!

Illustrated notes

Levels and vault maps discovered:
D:1:      lemuel_arrival_broad_hall, layout_basic
D:2:      layout_loops_ring
D:3:      layout_rooms, nicolae_ru_sacrificial_ziggurat,
          pf_guarded_unrand_delatra
D:4:      layout_loops_corners, nicolae_sif_muna_condensation,
          minmay_misc_feat_more_columns, uniq_ijyb, uniq_robin, uniq_grinder
D:5:      old_forge, layout_loops_ring, nicolae_gozag_seed_capital,
          minmay_temple_entry_poolview
D:6:      layout_basic, grunt_ministairs_3, uniq_prince_ribbit1
D:7:      layout_cave_pools, zin_scriptorium, uniq_joseph
D:8:      layout_rooms, nicolae_dithmenos_the_darkroom, serial_shops, shop
D:9:      layout_roguey, nicolae_uskayaw_en_pointe, uniq_maggie, uniq_pikel
D:10:     layout_loops_ring, vehumet_statue, minivault_4
D:11:     wad_pebble_path, layout_basic, minmay_lair_entry_grove,
          serial_bayou_pond_b, led_xom_imps
D:12:     layout_cave_pods
D:13:     layout_roguey [special_room_orc], serial_ice, serial_ice_j,
          serial_ice_a, serial_ice_h, serial_ice_d,
          gammafunk_ghost_nasty_kobolds
D:14:     layout_stronghold, david_vaults_3, kennysheep_nub, minivault_27
D:15:     hangedman_depths_entry_civil_slaughter, layout_irregular_city,
          hangedman_abyss_or_decor_stabs, minmay_between
Lair:1:   layout_regular_city
Lair:2:   layout_hall_layers, guppyfry_snake_entry_garden, lemuel_fruit_fields
Lair:3:   layout_loops_ring, skrybe_swamp_entry_bodies,
          nicolae_volcano_entry_s_turn, grunt_megastairs_2
Lair:4:   layout_layer_cave, minmay_slime_entry_oklob_open, basic_altar,
          beast_lair_carwin_10
Lair:5:   gammafunk_lair_ancient_temple, layout_long_grid,
          ebering_ghost_inner_flame
Swamp:1:  layout_basic_swamp, nicolae_swamp_fairy_circle,
          nicolae_swamp_small_spring, infiniplex_staircase_pool_2
Swamp:2:  layout_basic_swamp, evilmike_swamp_ruin_house_6, swamp_pool2,
          uniq_mlioglotl
Swamp:3:  nicolae_swamp_decorative_isthmus, layout_falls_marsh,
          evilmike_swamp_ruin_house_3, swamp_pool2, nicolae_swamp_snake_nest,
          infiniplex_staircase_pool
Swamp:4:  swamp, layout_basic_swamp, swamp_pool1, uniq_bai_suzhen
Snake:1:  layout_basic
Snake:2:  layout_onion, ebering_ghost_gozag, serial_shops,
          nicolae_shop_bloodbath_and_beyond, minmay_shop_grove,
          grunt_megastairs_4, uniq_kirke, uniq_nikola, uniq_louise
Snake:3:  kennysheep_six_static_rooms, layout_misc_corridors, serial_shops,
          bzr_entry_safe, shop_statue, shop
Snake:4:  snake_pit_salamanders_mu, layout_grid_maze, serial_shops,
          nicolae_shop_trees, basic_altar, special_room, drop_trap, uniq_aizul,
          uniq_vashnia
Slime:1:  layout_caves
Slime:2:  layout_caves
Slime:3:  layout_caves
Slime:4:  layout_caves
Slime:5
Orc:1:    layout_diamond_mine, serial_shops, nicolae_shop_stone
Orc:2:    grunt_orc_gardens, layout_caves, grunt_orc_garden, grunt_orc_garden,
          grunt_orc_garden, grunt_orc_garden, uniq_snorg, uniq_donald
Elf:1:    eino_elf_arrival_the_gate, layout_loops_corners, basic_altar,
          orc_legates, lemuel_statue_altar
Elf:2:    elven_hall_of_blades_hangedman_alternative
          [nicolae_blade_entry_sentries_behind_glass], layout_gridlike,
          corexii_leaking_fountain, minmay_elf_sorcery
Elf:3:    elf_hall_gauntlet_narrow, layout_geoelf_octagon,
          gammafunk_ghost_door_vault, basic_altar, uniq_zenata
Vaults:1: nicolae_vaults_bisected_slash, v_misc_14, v_misc_22, v_rooms_2,
          hangedman_vaults_capsules, v_pattern_3, ontoclasm_vaults_spin,
          v_misc_1, v_alt_pattern_4, hangedman_vaults_snaps, st_greater_box_5,
          nicolae_vaults_little_squares_3, nicolae_vaults_angled_halls,
          vaults_room_door_ring, layout_vaults_omnibox
Vaults:2: portal_desolation_entry_twin_temple, nicolae_vaults_shelves_hall,
          grunt_vaults_focal, nicolae_vaults_ring_of_whatevers,
          vaults_dpeg_emergency_exit, grunt_vaults_hallway_short,
          nicolae_vaults_little_squares_1, nicolae_vaults_back_hallway,
          vaults_room_grid, v_rooms_6, vaults_dpeg_ring,
          ontoclasm_vaults_claustrophobia, layout_vaults_omnigrid, serial_shops,
          nicolae_lakefront_shop
Vaults:3: v_misc_28, blue_anna_dwarven_crypt, vaults_dpeg_cross,
          vaults_room_semicircle, vaults_mumra_hexcomb, v_misc_16,
          nicolae_vaults_shelves_hall, nicolae_vaults_asterisk,
          hangedman_vaults_nails, dpeg_vaults_monster_box,
          vaults_room_stairs_pillars, nicolae_vaults_alarming,
          layout_vaults_omnicross
Vaults:4: hangedman_vaults_unwind, v_misc_25, st_cross, ontoclasm_vaults_chip,
          hangedman_vaults_nails, vaults_room_boxed, hangedman_vaults_cutoff,
          nicolae_vaults_little_squares_5, nicolae_vaults_stairing_the_circle,
          ontoclasm_vaults_twist, hangedman_vaults_stretched_pinwheel,
          nicolae_vaults_little_squares_6, v_misc_19, layout_vaults_maze_bifur,
          serial_shops, nicolae_shop_hallway_stairs
Vaults:5: serial_shops
Crypt:1:  layout_misc_corridors
Depths:1: minmay_the_grid_octo_tiled_squarecenter_mashed
          [minmay_the_grid_octo_toaster, minmay_the_grid_octo_checkerflower,
          minmay_the_grid_octo_pinwheel, minmay_the_grid_octo_chip,
          minmay_the_grid_square_5x5_megaprize_open,
          minmay_the_grid_square_5x5_moneybag,
          minmay_the_grid_square_5x5_hollow_slash,
          minmay_the_grid_square_5x5_three_small,
          minmay_the_grid_square_5x5_two_walls_a], layout_cave_pools,
          gammafunk_ghost_wrathful_warriors, hell_entry, roderic_lattice_a,
          serial_shops, nicolae_shop_trees, nicolae_yredelemnul_corpse_copse
Depths:2: minmay_bubble_buster, layout_gridville, enter_ziggurat_d,
          grunt_hell_horde, elyvilon_altar_3, grunt_pan_entry_in_and_out,
          serial_sigils_hangedman_confine, kiku_gazebo_pond_becter
Depths:3: wad_statue_garden, layout_cave_pools, infiniplex_enter_wizlab_spiral,
          abyss_entry, rand_demon_pan_entry_7, pf_vacation_house_of_asmodeus,
          drop_trap
Depths:4: lemuel_castle_with_subvaults [lemuel_castle_interior_carwin_3],
          layout_cave_shapes, abyss_entry, pf_hell_entry_tar_river,
          minmay_crystal_room, nicolae_trove_entry_free_sample,
          grunt_megastairs_5, uniq_josephina
Zot:1:    lemuel_draconian_sentries_small, layout_onion_interference, uniq_vv
Zot:2:    hangedman_zot_vaults_quadrants, layout_onion
Zot:3:    hangedman_snap_crack_crunch, layout_concentric_octagons, uniq_tiamat
Zot:4:    minmay_elemental_castle, layout_misc_corridors, gammafunk_ghost_split,
          st_stairs_10, lemuel_elevator
Zot:5:    layout_misc_corridors, grunt_ministairs_10

Skill      XL: |  1  2  3  4  5  6  7  8  9 10 11 12 13 14 15 16 17 18 19 20 21 22 23 24 25 26 |
---------------+-------------------------------------------------------------------------------+-----
Ice Magic      | 4 5 6 7 8 9 10 11 12 13 14 15 16 17 18 19 20 21 22 23 24 | 24.0
Spellcasting   | 2 3 4 5 6 8 9 10 11 12 13 14 15 16 17 18 19 | 19.5
Stealth        | 2 3 4 5 6 7 8 |  8.5
Dodging        | 2 3 4 5 6 7 8 9 10 11 12 13 14 | 14.7
Short Blades   | 2 3 4 |  4.0
Fighting       | 1 2 3 4 5 6 7 8 9 10 | 10.5
Conjurations   | 2 3 4 5 6 7 9 10 11 12 13 14 15 | 15.0
Armour         | 1 2 3 4 5 |  5.8
Long Blades    | 3 5 7 9 10 12 13 14 15 16 17 | 17.6
Evocations     | 2 3 4 5 |  5.2
Shields        | 1 2 4 7 8 10 12 14 15 16 | 16.9
Air Magic      | 2 5 6 7 8 9 10 | 10.2
Transmutations | 2 3 5 6 7 |  7.0
Ranged Weapons | 1 |  1.4
Translocations | 1 3 6 |  6.5
Fire Magic     | 4 6 |  6.0
Maces & Flails | |  0.1

Action                   |  1- 3 |  4- 6 |  7- 9 | 10-12 | 13-15 | 16-18 | 19-21 | 22-24 | 25-27 || total
-------------------------+-------+-------+-------+-------+-------+-------+-------+-------+-------++-------
Melee: Dagger            |    13 |    37 |       |       |       |       |       |       |       ||    50
       Short sword       |       |    15 |   129 |     3 |    74 |    45 |     1 |    10 |       ||   277
       Mace              |       |       |    15 |       |       |       |       |       |       ||    15
       Punch             |       |       |     5 |     5 |    15 |     9 |     2 |       |       ||    36
       Double sword      |       |       |    47 |   249 |   545 |   533 |  1122 |  1185 |   742 ||  4423
       Headbutt          |       |       |       |    52 |   162 |   141 |   361 |       |       ||   716
       Long sword        |       |       |       |       |     5 |       |       |       |       ||     5
       Great sword       |       |       |       |       |       |       |    44 |       |       ||    44
 Fire: Heavy crossbow    |       |       |       |       |       |    53 |     1 |       |       ||    54
 Cast: Freeze            |    51 |    18 |     6 |    12 |    11 |     3 |       |       |       ||   101
       Frozen Ramparts   |     1 |    13 |    41 |    75 |   122 |    53 |    54 |    44 |    11 ||   414
       Ozocubu's Armour  |       |     4 |    21 |    38 |    86 |    59 |    70 |    53 |    26 ||   357
       Hailstorm         |       |       |    14 |    60 |   143 |    82 |    64 |    86 |    37 ||   486
       Shock             |       |       |       |       |    15 |       |       |       |       ||    15
       Airstrike         |       |       |       |       |    21 |   122 |    42 |    70 |    44 ||   299
       Ozocubu's Refrige |       |       |       |       |     2 |   128 |   147 |   173 |    91 ||   541
       Irradiate         |       |       |       |       |       |    15 |    29 |    38 |    23 ||   105
       Lightning Bolt    |       |       |       |       |       |    19 |    29 |    27 |     5 ||    80
       Apportation       |       |       |       |       |       |       |     2 |       |     5 ||     7
       Iskenderun's Batt |       |       |       |       |       |       |       |     4 |       ||     4
       Starburst         |       |       |       |       |       |       |       |     3 |     1 ||     4
       Orb of Destructio |       |       |       |       |       |       |       |       |    24 ||    24
       Wereblood         |       |       |       |       |       |       |       |       |     4 ||     4
 Abil: Evoke Blink       |       |       |       |       |       |       |     1 |       |       ||     1
Evoke: Wand              |       |     5 |     5 |    24 |    39 |    10 |     5 |     1 |    11 ||   100
       Phial of floods   |       |       |       |       |     3 |     3 |     2 |     1 |     1 ||    10
       Phantom mirror    |       |       |       |       |       |       |       |     2 |       ||     2
  Use: Potion            |       |       |    11 |     5 |     4 |     2 |    21 |    11 |     5 ||    59
       Scroll            |       |       |     1 |    14 |    10 |    11 |    22 |    17 |     9 ||    84
 Stab: Sleeping          |     7 |     3 |     9 |     5 |    14 |    23 |    28 |    14 |     7 ||   110
       Paralysed         |       |       |       |       |     4 |       |     1 |       |       ||     5
       Invisible         |       |       |       |       |     1 |       |       |       |       ||     1
       Distracted        |       |       |       |       |       |     2 |     6 |     5 |    11 ||    24
Armor: Robe              |    17 |    20 |    26 |       |       |       |       |       |       ||    63
       Leather armour    |       |       |    47 |    88 |   234 |   297 |   235 |       |       ||   901
       Skin              |       |       |     2 |       |       |       |       |       |       ||     2
       Troll leather arm |       |       |       |       |       |       |    71 |   314 |   110 ||   495
Dodge: Dodged            |    22 |    44 |   160 |   244 |   648 |   698 |  1051 |   960 |   475 ||  4302
Block: Other             |       |       |       |    31 |    53 |    36 |    18 |       |       ||   138
       Kite shield       |       |       |       |       |       |       |   979 |  1601 |   262 ||  2842
       Reflection        |       |       |       |       |       |       |    26 |    25 |    39 ||    90
       Tower shield      |       |       |       |       |       |       |       |       |   798 ||   798
